 Dungeon Crawl Stone Soup version 0.20-a0-222-gb69ddcd (webtiles) character file.

23 KristoblXynda the Stinger (level 2, 0/11 HPs)
             Began as a Felid Venom Mage on Nov 29, 2016.
             Slain by a jackal (1 damage)
             ... on level 1 of the Dungeon.
             The game lasted 00:01:37 (905 turns).

KristoblXynda the Stinger (Felid Venom Mage)         Turns: 905, Time: 00:01:38

Health: 0/11       AC:  1    Str:  4    XL:     2   Next: 75%
Magic:  0/6        EV: 18    Int: 16    God:
Gold:   0          SH:  0    Dex: 16    Spells: 5/6 levels left
                                        Lives:  0   Deaths: 0

rFire  . . .     SeeInvis +     (weapon unavailable)
rCold  . . .     Gourm    .     (armour unavailable)
rNeg   . . .     Faith    .     (shield unavailable)
rPois  .         Spirit   .     (helmet unavailable)
rElec  .         Reflect  .     (cloak unavailable)
rCorr  .         Harm     .     (gloves unavailable)
MR     .....                    (boots unavailable)
Stlth  +++.......               (no amulet)
                                (no ring)
                                (no ring)

@: quick
A: no armour, no weapons or thrown items, stealth, claws 1, fangs 3, see
invisible, carnivore 3, speed 1, shaggy fur 1, slow metabolism 1, sharp paws
a: no special abilities


You were on level 1 of the Dungeon.
You were not hungry.

You visited 1 branch of the dungeon, and saw 1 of its levels.

Inventory:

Scrolls
 c - a scroll of immolation {unknown}
Books
 a - a Young Poisoner's Handbook

   Spells                             Type                      Level
   a - Sting                          Conjuration/Poison           1
   b - Mephitic Cloud                 Conjuration/Poison/Air       3
   c - Olgreb's Toxic Radiance        Poison                       4
   d - Alistair's Intoxication        Transmutation/Poison         5
   e - Venom Bolt                     Conjuration/Poison           5
Comestibles
 b - a meat ration


   Skills:
 - Level 2.6 Dodging
 + Level 2.9 Stealth
 + Level 0.8 Unarmed Combat
 + Level 2.5 Spellcasting
 + Level 1.0 Conjurations
 - Level 3.6 Poison Magic


You had 5 spell levels left.
You knew the following spells:

 Your Spells              Type           Power        Failure   Level  Hunger
a - Sting                 Conj/Pois      #...         10%         1    #......


Dungeon Overview and Level Annotations

Branches:
Dungeon (1/15)

Altars:


Innate Abilities, Weirdness & Mutations

You cannot wear armour.
You are incapable of wielding weapons or throwing items.
Your paws allow you to move quietly. (Stealth)
You have sharp claws.
You have razor-sharp teeth.
You have supernaturally acute eyesight. (SInv)
You are carnivorous and can eat meat at any time.
You cover ground quickly.
You are covered in fur. (AC +1)
You have a slow metabolism.
Your sharp claws are effective at attacking unaware monsters.


Message History

The sting hits the jackal.
The jackal is poisoned.
The jackal is almost dead.
You kill the jackal!
The jackal misses you.
Casting: Sting
Confirm with . or Enter, or press ? or * to list all spells.
Aiming: Sting
Press: ? - help, Shift-Dir - straight line, f - jackal
Aim: a jackal The sting hits the jackal.
The jackal is poisoned.
The jackal is lightly wounded.
The jackal bites you.
* * * LOW HITPOINT WARNING * * *
A bat comes into view.
The jackal barely misses you.
You closely miss the bat. The bat closely misses you. The jackal misses you.
The bat hits you.
* * * LOW HITPOINT WARNING * * *
You scratch the bat but do no damage. The bat misses you. The jackal bites you.
You die...

...##...# #..###
.K....###.# .# #..#
#hh.....# .# ##..#
#K.# .# #..## #.##
##.# #.## #h#
#..######.##
#####.#
#.b........#
#....†#
#.########.#
#.###h###### #@#
#.# #.# #K.....#
#h# #.# #.#
#h####.#
##h########.# #.#
#h# #.#
#.h.........# #.#
#.# #.#
#..########## #.#
#K# #.# #.K# #.#
#.# #.# #..# #.#
#.# ##.###.>###
#.###.###....)....#


You could see 3 jackals, a bat and a kobold.

Vanquished Creatures
  An ooze (D:1)
  2 hobgoblins (D:1)
  4 jackals (D:1)
  A bat (D:1)
  A frilled lizard (D:1)
  5 goblins (D:1)
  A kobold (D:1)
  5 rats (D:1)
20 creatures vanquished.

Notes
Turn   | Place    | Note
-------+----------+-------------------------------------------
     0 | D:1      | KristoblXynda the Felid Venom Mage began the quest for the Orb.
     0 | D:1      | Reached XP level 1. HP: 7/7 MP: 4/4
   316 | D:1      | Reached XP level 2. HP: 11/11 MP: 0/6
   840 | D:1      | Reached skill level 1 in Conjurations
   905 | D:1      | Slain by a jackal

Vault maps used:
D:1:      sevenhm_arrival_forest_fort_large_4

Skill      XL: |  1  2 |
---------------+-------+-----
Conjurations   | 1 |  1.0
Dodging        | |  2.6
Stealth        | |  2.9
Unarmed Combat | |  0.8
Spellcasting   | |  2.5
Poison Magic   | |  3.6

Action                   || total
-------------------------++-------
Melee: Unarmed           ||    34
       Bite              ||     4
 Cast: Sting             ||    29
Armor: Skin              ||     2
Dodge: Dodged            ||    42
